 Dungeon Crawl Stone Soup version 0.28.0-1-gb440e238dd (webtiles) character file.

Game seed: 4520757769116674118

134 Descartes the Magician (level 4, 0/24 HPs)
             Began as a Deep Elf Air Elementalist on Feb 19, 2022.
             Slain by a gnoll (5 damage)
             ... on level 4 of the Dungeon.
             The game lasted 00:11:00 (3750 turns).

Descartes the Magician (Deep Elf Air Elementalist)  Turns: 3750, Time: 00:11:01

Health: 0/24       AC:  6    Str:  7    XL:     4   Next: 95%
Magic:  9/12       EV: 10    Int: 20    God:
Gold:   128        SH:  0    Dex: 15    Spells: 7/11 levels left

rFire   . . .      SeeInvis .   u - +0 rapier
rCold   . . .      Faith    .   (no shield)
rNeg    . . .      Spirit   .   p - +0 ring mail {Will+}
rPois   .          Reflect  .   o - +0 hat
rElec   .          Harm     .   (no cloak)
rCorr   .          Rampage  .   (no gloves)
Will    +....                   l - +0 pair of boots
Stlth   +.........              (no amulet)
HPRegen 0.08/turn               (no ring)
MPRegen 0.13/turn               (no ring)

@: no status effects
A: no striking features
a: no special abilities


You were on level 4 of the Dungeon.
You visited 1 branch of the dungeon, and saw 4 of its levels.

You collected 128 gold pieces.

Inventory:

Hand Weapons
 m - a +0 hunting sling
 u - a +0 rapier (weapon)
Missiles
 c - 94 stones
 f - 64 sling bullets
 n - 35 arrows
Armour
 a - a +0 robe
 l - a +0 pair of boots (worn)
 o - a +0 hat (worn)
 p - a +0 ring mail of willpower (worn)
Magical Staves
 h - a staff of earth
Jewellery
 t - an amulet of magic regeneration
Scrolls
 b - a scroll of identify {unknown}
 i - 2 scrolls of torment {unknown}
 k - 2 scrolls of noise {unknown}
 q - 2 scrolls of magic mapping {unknown}
 r - a scroll of teleportation {unknown}
 s - a scroll of fog {unknown}
Potions
 d - a potion of lignification {unknown}
 g - a potion of brilliance {unknown}
 j - a potion of magic {unknown}


   Skills:
 + Level 3.6 Dodging
 - Level 2.4 Stealth
 + Level 4.1 Spellcasting
 + Level 2.6 Conjurations
 + Level 1.5 Translocations
 + Level 3.6 Air Magic


You had 7 spell levels left.
You knew the following spells:

 Your Spells              Type           Power      Damage    Failure   Level
a - Shock                 Conj/Air       64%        1d7       12%         1
b - Static Discharge      Conj/Air       16%        N/A       19%         2
c - Apportation           Tloc           20%        N/A       24%         1

Your spell library contained the following spells:

 Spells                   Type           Power      Damage    Failure   Level
 Swiftness                Air            18%        N/A       30%         3
 Airstrike                Air            9%         N/A       69%         4
 Alistair's Intoxication  Tmut/Pois      2%         N/A       100%        5


Dungeon Overview and Level Annotations

Branches:
Dungeon (4/15)
 Temple: D:4-7

Altars:

Annotations:
D:3 exclusion: sky beast


Message History

Aim: a gnoll, wielding a +0 flail (moderately wounded, 75% to hit)
The zap hits the gnoll.
The gnoll is severely wounded.
A gnoll comes into view. It is wielding a +0 flail.
Casting: Shock (safe; 12% risk of failure)
Confirm with . or Enter, or press ? or * to list all spells.
Aiming: Shock (safe; 12% risk of failure)
Press: ? - help, Shift-Dir - straight line, f/p - gnoll
Aim: a gnoll, wielding a +0 flail (severely wounded, 75% to hit)
The zap hits the gnoll but does no damage.
The gnoll is severely wounded.
The zap misses the gnoll.
The gnoll shouts!
Casting: Shock (safe; 12% risk of failure)
Confirm with . or Enter, or press ? or * to list all spells.
Aiming: Shock (safe; 12% risk of failure)
Press: ? - help, Shift-Dir - straight line, f/p - gnoll
Aim: a gnoll, wielding a +0 flail (severely wounded, 75% to hit)
The zap hits the gnoll.
The gnoll is almost dead.
The gnoll closely misses you.
Casting: Shock (safe; 12% risk of failure)
Confirm with . or Enter, or press ? or * to list all spells.
Aiming: Shock (safe; 12% risk of failure)
Press: ? - help, Shift-Dir - straight line, f/p - gnoll
Aim: a gnoll, wielding a +0 flail (almost dead, 75% to hit)
Okay, then.
A gnoll comes into view.
It is wielding a +3 flail of holy wrath.
The gnoll throws a throwing net.
The throwing net hits you.
You become entangled in the net!
You see here a throwing net.
You struggle against the net.
The gnoll hits you with a +0 flail.
You struggle against the net.
The gnoll hits you but does no damage.
You struggle against the net.
The gnoll hits you with a +0 flail.
You rip the net and break free!
The gnoll hits you with a +0 flail. x2
* * * LOW HITPOINT WARNING * * *
The gnoll hits you with a +0 flail.
* * * LOW HITPOINT WARNING * * *
The gnoll hits you with a +3 flail of holy wrath.
You die...

#. #. #.. ###### ###..
.....# ......
....#########
......#######.<.......#
.........g............+
....$....g@...........#
###......gg...........+
#...................#
#.....##............#
#.....##............#
#.....#####.####'####
#.....# #.# #<...#
####### #.# #....#
#....#


You could see 4 gnolls.

Vanquished Creatures
  4 gnolls (D:2)
  3 adders
  A worm (D:2)
  6 orcs (D:3)
  7 ball pythons
  4 bats
  4 endoplasms
  5 giant cockroaches
  5 goblins
  3 hobgoblins
  2 jackals (D:1)
  8 kobolds
  4 frilled lizards
  3 rats (D:2)
59 creatures vanquished.

Notes
Turn   | Place    | Note
-------+----------+-------------------------------------------
     0 | D:1      | Descartes the Deep Elf Air Elementalist began the quest for
                  | the Orb.
     0 | D:1      | Reached XP level 1. HP: 10/10 MP: 6/6
   196 | D:1      | Reached XP level 2. HP: 5/15 MP: 0/8
  1132 | D:2      | Learned a level 2 spell: Static Discharge
  1134 | D:2      | Learned a level 1 spell: Apportation
  1218 | D:2      | Reached XP level 3. HP: 19/19 MP: 5/10
  1587 | D:2      | Reached skill level 1 in Translocations
  1587 | D:2      | Reached XP level 4. HP: 18/24 MP: 0/11
  1938 | D:2      | Reached skill level 4 in Spellcasting
  2868 | D:3      | Noticed a sky beast
  3750 | D:4      | Slain by a gnoll

Illustrated notes

Levels and vault maps discovered:
D:1:      lightli_arrival_statuegarden, layout_rooms
D:2:      minmay_evil_eye, layout_loops_corners, kennysheep_cluttered_room
D:3:      layout_basic
D:4:      layout_basic, mainiacjoe_overflow_catwalk,
          mainiacjoe_overflow_cross_hatched, minmay_misc_feat_doors

Skill      XL: |  1  2  3  4 |
---------------+-------------+-----
Dodging        | 3 |  3.6
Conjurations   | 2 |  2.6
Translocations | 1 |  1.5
Spellcasting   | 4 |  4.1
Stealth        | |  2.4
Air Magic      | |  3.6

Action                   |  1- 3 |  4- 6 || total
-------------------------+-------+-------++-------
Melee: Unarmed           |     1 |       ||     1
 Cast: Shock             |    70 |    60 ||   130
       Static Discharge  |       |     4 ||     4
Armor: Robe              |     1 |       ||     1
       Ring mail         |       |     5 ||     5
Dodge: Dodged            |     5 |     4 ||     9
